AoeStats
← GreatPerson25

Arabia

507543994Analyzed
1v1 RM · 13d ago on Sep 18, 2026· 17m 12s· 2 players
Game mode
Random Map
Map size
Tiny (2 player)
Population
200
Speed
Normal
Resources
Standard
Victory
Conquest
Starting age
Dark Age
Ending age
Imperial Age
RankedLock teamsTeams togetherTeam positionsShared explorationLock speedFull tech treeHidden civsTurbo modeCheats
Victory
Defeat
🇺🇸 Vietnamese · United States
1617
+12
🇨🇦 Bulgarians · Canada
1527
-12
Mister Piccolo
7:14 Loom
9:39 Feudal Age
11:11 Arson
15:39 Fletching
GreatPerson25
5:50 Loom
8:37 Feudal Age
9:06 Double-Bit Axe
14:27 Fletching
15:19 Padded Archer Armor
Connection lost

Rejoining the realm…

Still unreachable

The connection could not be restored.

Session expired

The server has moved on; the page needs a fresh start.